 Dungeon Crawl Stone Soup version 0.18.1-50-g88ac8fd (webtiles) character file.

75 jerryfan the Conjurer (level 4, -10/33 HPs)
             Began as a Draconian Conjurer on Oct 1, 2016.
             Killed from afar by an adder (39 damage)
             ... with an exploding inner flame
             ... hexed by the player character
             ... on level 2 of the Dungeon.
             The game lasted 00:12:14 (2291 turns).

jerryfan the Conjurer (Draconian Conjurer)          Turns: 2291, Time: 00:12:16

Health: -10/33     AC:  6    Str: 10    XL:     4   Next: 11%
Magic:  3/7        EV: 12    Int: 17    God:
Gold:   48         SH:  0    Dex: 11    Spells: 2 memorised, 4 levels left

rFire  . . .     SeeInvis .     j - +1 dagger
rCold  . . .     Gourm    .     (armour unavailable)
rNeg   . . .     Faith    .     (no shield)
rPois  .         Spirit   .     (helmet restricted)
rElec  .         Dismiss  .     (no cloak)
rCorr  .         Reflect  .     (no gloves)
SustAt .         Harm     .     g - +0 pair of boots
MR     .....                    (no amulet)
Stlth  ++........               (no ring)
                                (no ring)

@: lethally poisoned (-10 -> -14), very slightly contaminated, not resistant to
hostile enchantments, unstealthy
A: unfitting armour, cold-blooded, AC +5
a: no special abilities


You were on level 2 of the Dungeon.
You were not hungry.

You visited 1 branch of the dungeon, and saw 2 of its levels.

You collected 48 gold pieces.

Inventory:

Hand Weapons
 f - a -2 short sword
 j - a +1 dagger (weapon)
 n - a +0 short sword
Missiles
 k - 2 javelins (quivered)
Armour
 g - a +0 pair of boots (worn)
 h - a +2 helmet
Scrolls
 p - a scroll of recharging {unknown}
 q - a scroll of identify {unknown}
Potions
 d - a potion of lignification
Books
 a - a book of Conjurations

   Spells                             Type                      Level
   a - Magic Dart                     Conjuration                  1
   b - Searing Ray                    Conjuration                  2
   c - Dazzling Spray                 Conjuration/Hexes            3
   d - Fulminant Prism                Conjuration/Hexes            4
   e - Iskenderun's Mystic Blast      Conjuration                  4
   f - Iskenderun's Battlesphere      Conjuration/Charms           5
Comestibles
 b - 4 bread rations
 c - 2 chunks of flesh
 l - a meat ration
 m - a slice of pizza
 o - a royal jelly


   Skills:
 + Level 0.2 Fighting
 + Level 2.4 Dodging
 + Level 2.2 Stealth
 + Level 2.5 Spellcasting
 + Level 4.7 Conjurations


You had 4 spell levels left.
You knew the following spells:

 Your Spells              Type           Power        Failure   Level  Hunger
a - Magic Dart            Conj           ###.         2%          1    #......
b - Dazzling Spray        Conj/Hex       ##....       21%         3    ###....


Dungeon Overview and Level Annotations

Branches:
Dungeon (2/15)

Altars:


Innate Abilities, Weirdness & Mutations

Your plain brown scales are hard (AC +5).
Your body does not fit into most forms of armour.
You are cold-blooded and may be slowed by cold attacks.


Message History

Casting: Magic Dart
Confirm with . or Enter, or press ? or * to list all spells.
Aiming: Magic Dart
Press: ? - help, Shift-Dir - straight line, f/p - adder
Aim: an adder (heavily wounded, inner flame)
The magic dart hits the adder.
The adder is severely wounded.
The adder barely misses you. x2; The adder closely misses you.
Casting: Magic Dart
Confirm with . or Enter, or press ? or * to list all spells.
Aiming: Magic Dart
Press: ? - help, Shift-Dir - straight line, f/p - adder
Aim: an adder (severely wounded, inner flame)
The magic dart hits the adder.
The adder explodes!
The fiery explosion engulfs the adder.
The adder explodes!
The fiery explosion engulfs you!
Ouch! That really hurt!
You die...

##.....##...##.....# #.....#
#.......#...#....... #.....#
#.......'...'....?.. ##.####
#.......#...#....... #.#
##.....##...##.....# ##.#
##...###...# #...####..####
##### #§§§# ####........#
##...###§§§###...##.#####..
##.....##§§@##.....### ##.
#.......#...#.......########
#..[....'...'....[..#....#
#.......#...#.......#.:..#
##.....##...##.....##....#
##...###...###...##.....###
##### #...# #####......#..
##...###...###...##.......#
##.....##...##.....##....###


There were no monsters in sight!

Vanquished Creatures
  2 adders (D:2)
  2 worms (D:2)
  A giant gecko (D:2)
  3 ball pythons
  4 giant cockroaches
  6 goblins
  5 hobgoblins
  5 jackals (D:2)
  4 bats
  7 giant newts
  2 kobolds
  12 rats
53 creatures vanquished.

Notes
Turn   | Place    | Note
--------------------------------------------------------------
     0 | D:1      | jerryfan the Draconian Conjurer began the quest for the Orb.
     0 | D:1      | Reached XP level 1. HP: 14/14 MP: 3/3
   401 | D:1      | Reached XP level 2. HP: 20/20 MP: 0/5
  1215 | D:2      | Reached XP level 3. HP: 24/26 MP: 1/6
  1298 | D:2      | Learned a level 3 spell: Dazzling Spray
  2065 | D:2      | Reached XP level 4. HP: 7/33 MP: 3/7
  2291 | D:2      | Killed from afar by an adder

Skill      XL: |  1  2  3 |
---------------+----------+-----
Stealth        | 2 |  2.2
Dodging        | 2 |  2.4
Fighting       | |  0.2
Spellcasting   | |  2.5
Conjurations   | |  4.7

Action                   |  1- 3 |  4- 6 || total
-------------------------+-------+-------++-------
Melee: Unarmed           |    30 |       ||    30
       Tailslap          |     6 |       ||     6
       Short sword       |    28 |       ||    28
       Dagger            |    30 |     1 ||    31
 Cast: Magic Dart        |    73 |     5 ||    78
       Dazzling Spray    |     2 |       ||     2
  Use: Scroll            |     6 |     1 ||     7
       Potion            |     3 |     2 ||     5
 Stab: Invisible         |     1 |       ||     1
  Eat: Chunk             |     5 |     1 ||     6
Armor: Skin              |    27 |     3 ||    30
Dodge: Dodged            |    51 |     9 ||    60
